 Dungeon Crawl Stone Soup version 0.29-a0-1009-g60c99734e7 (webtiles) character file.

Game seed: 15918549048605021437

20181 Mesmaeker13 the Martial Artist (level 12, -8/98 HPs)
             Began as an Octopode Transmuter on Aug 8, 2022.
             Was a Follower of Ashenzari.
             Mangled by Snorg (10 damage)
             ... on level 3 of the Lair of Beasts.
             The game lasted 00:24:36 (16134 turns).

Mesmaeker13 the Martial Artist (OpTm)              Turns: 16134, Time: 00:24:37

Health: -8/98      AC: 15    Str:  9    XL:     12   Next: 76%
Magic:  14/16      EV: 10    Int: 25    God:    Ashenzari [*.....]
Gold:   42         SH:  0    Dex: 14    Spells: 5/17 levels left

rFire   x . .      SeeInvis .     - Unarmed
rCold   + + +      Faith    .   (shield currently unavailable)
rNeg    . . .      Spirit   .   (helmet currently unavailable)
rPois   +          Reflect  .   (no amulet)
rElec   .          Harm     .   b - ring of Ashenzari's Mutualism {AC+4, Melee, Elem} (curse)
rCorr   .          Rampage  .   n - ring "Tethered Together" {Int+6, Alch, Fort} (curse)
Will    .....                   t - ring of Ashenzari's Insecurity {Wiz, Alch, Elem} (curse)
Stlth   +.........              F - ring of flight
HPRegen 0.26/turn               (no ring)
MPRegen 0.15/turn               (no ring)
                                (no ring)
                                (no ring)

@: ice-form, flying
A: freezing attack, boosted hp, almost no armour, amphibious, 8 rings, large,
(camouflage 1), (gelatinous body 1), (nimble swimmer 1), (tentacles)
a: End Transformation, Renounce Religion, Curse Item, Shatter the Chains


You were on level 3 of the Lair of Beasts.
You worshipped Ashenzari.
Ashenzari was aware of your devotion.
You were a creature of crystalline ice.
You visited 2 branches of the dungeon, and saw 13 of its levels.

You collected 672 gold pieces.
You spent 630 gold pieces at shops.

Inventory:

Hand Weapons
 g - a +0 dagger of venom
 l - a +1 dagger of electrocution
Missiles
 c - 65 poisoned darts (quivered)
Armour
 C - a +2 kite shield of cold resistance
Jewellery
 b - the cursed ring of Ashenzari's Mutualism (left front paw) {AC+4, Melee, Elem}
   (You found it on level 1 of the Dungeon)

   [ring of protection]

   AC:        It affects your AC (+4).
   It has a curse which improves the following skills: Melee Combat: Short
   Blades, Long Blades, Axes, Maces & Flails, Polearms, Staves and Unarmed
   Combat.
   Elements:  Fire Magic, Ice Magic, Air Magic and Earth Magic.
 n - the cursed ring "Tethered Together" (right front paw) {Int+6, Alch, Fort}
   (You found it on level 3 of the Dungeon)

   [ring of intelligence]

   Int:       It affects your intelligence (+6).
   It has a curse which improves the following skills: Alchemy: Poison Magic and
   Transmutations.
   Fortitude: Shields.
 t - the cursed ring of Ashenzari's Insecurity (on tentacle) {Wiz, Alch, Elem}
   (You found it on level 3 of the Dungeon)

   [ring of wizardry]

   It improves your spell success rate.
   It has a curse which improves the following skills: Alchemy: Poison Magic and
   Transmutations.
   Elements:  Fire Magic, Ice Magic, Air Magic and Earth Magic.
 y - a ring of ice
 F - a ring of flight (on tentacle)
Wands
 u - a wand of roots (4)
 w - a wand of flame (26)
 E - a wand of paralysis (2)
Scrolls
 e - 5 scrolls of teleportation
 h - a scroll of magic mapping
 j - 2 scrolls of torment
 m - 5 scrolls of fog
 o - 3 scrolls of enchant weapon
 v - 2 scrolls of amnesia
 x - 2 scrolls of blinking
Potions
 a - 5 potions of lignification
 d - 4 potions of ambrosia
 f - 9 potions of heal wounds
 i - 4 potions of haste
 k - 4 potions of curing
 p - 5 potions of brilliance
 q - a potion of resistance
 r - 3 potions of flight
 s - 2 potions of attraction
 z - 5 potions of magic
 A - 2 potions of cancellation
 B - a potion of might
 D - a potion of berserk rage
 G - a potion of mutation


   Skills:
 - Level 8.0 Fighting
 - Level 2.0 Dodging
 + Level 10.5(11.3) Unarmed Combat
 + Level 3.2 Spellcasting
 - Level 6.5 Summonings
 + Level 10.2(11.5) Transmutations
 - Level 8.8(10.1) Ice Magic
 + Level 8.2(9.6) Poison Magic


You had 5 spell levels left.
You knew the following spells:

 Your Spells              Type           Power      Damage    Failure   Level
b - Wereblood             Tmut           58%        N/A       1%          2
c - Spider Form           Tmut/Pois      54%        N/A       1%          3
d - Ice Form              Ice/Tmut       55%        N/A       1%          4
e - Call Canine Familiar  Summ           37%        N/A       1%          3

Your spell library contained the following spells:

 Spells                   Type           Power      Damage    Failure   Level
 Beastly Appendage        Tmut           100%       N/A       1%          1
 Call Imp                 Summ           37%        N/A       1%          2
 Poisonous Vapours        Pois/Air       56%        N/A       1%          2
 Alistair's Intoxication  Tmut/Pois      36%        N/A       1%          5
 Mephitic Cloud           Conj/Pois/Air  20%        N/A       3%          3
 Magic Dart               Conj           16%        1d3       4%          1
 Corpse Rot               Necr/Pois/Air  20%        N/A       11%         4
 Portal Projectile        Hex/Tloc       8%         N/A       12%         3
 Leda's Liquefaction      Hex/Erth       2%         N/A       34%         4
 Eringya's Noxious Bog    Tmut/Pois      27%        N/A       9%          6


Dungeon Overview and Level Annotations

Branches:
Dungeon (10/15)            Temple (0/1) D:7            Lair (3/5) D:8
  Snake (0/4) Lair:2
  Swamp: Lair:2-3    Shoals: Lair:2-3       Orc: D:9-12

Altars:
Ashenzari
Cheibriados
Elyvilon
Fedhas
Kikubaaqudgha
Makhleb
Nemelex Xobeh
Qazlal
Ru
Sif Muna
Uskayaw
Xom
Lugonu

Shops:
D:1 *   D:6 *   D:7 (

Portals:
Abyss: D:8

Annotations:
D:8 3 runed translucent doors, lucasj's ghost, novice MiBe
D:9 2 transporters
Lair:1 exclusion: oklob plant
Lair:3 Snorg


Innate Abilities, Weirdness & Mutations

You are a creature of crystalline ice.
You have a powerful freezing melee attack.
Your maximum health is increased.
Your armour is entirely melded.
You are incapable of wielding weapons or throwing items.
You cannot wear most types of armour.
You are amphibious.
You can wear up to eight rings at the same time.
((Your skin changes colour to match your surroundings (Stealth+).))
((Your rubbery body absorbs attacks. (AC +1, EV +1)))
((You are camouflaged when in or above water. (Stealth+)))
((You have tentacles for arms and can constrict up to eight enemies at once.))


Message History

You punch Snorg! You freeze Snorg.
Snorg is moderately wounded.
The grasping roots constrict Snorg.
The roots release their grip on Snorg.
Snorg closely misses you. Snorg claws you! Snorg barely misses you.
Your hound misses Snorg. You punch Snorg! You freeze Snorg.
Snorg is heavily wounded.
Snorg bites you! Snorg claws you but does no damage. Snorg claws you!
Your hound bites Snorg.
Snorg bites your hound. Snorg closely misses your hound.
Snorg barely misses your hound.
You pummel Snorg!! You freeze Snorg.
Snorg is severely wounded.
Your hound closely misses Snorg.
Snorg bites you! Snorg claws you! Snorg claws you.
You punch Snorg! You freeze Snorg.
Snorg is severely wounded.
Your hound bites Snorg.
Snorg bites you. Snorg claws you but does no damage. x2
You punch Snorg! You freeze Snorg.
Snorg is almost dead.
Your hound bites Snorg.
Snorg barely misses you. Snorg claws you. Snorg claws you but does no damage.
You barely miss Snorg.
Snorg is almost dead.
Your hound barely misses Snorg.
Snorg closely misses you. Snorg claws you but does no damage.
Snorg closely misses you.
Your hound bites Snorg.
You hit Snorg. You freeze Snorg.
Snorg is almost dead.
Snorg bites you.
* * * LOW HITPOINT WARNING * * *
Snorg claws you.
* * * LOW HITPOINT WARNING * * *
Snorg claws you!
* * * LOW HITPOINT WARNING * * *
Your hound barely misses Snorg.
Snorg bites you!
* * * LOW HITPOINT WARNING * * *
Snorg claws you!
* * * LOW HITPOINT WARNING * * *
Snorg claws you!
You die...

##.....#P..###
#..........#.## .......
..............#.#...#...
#......?.......##.......
.#.....<................
.>..⌠⌠....#.............
.#.♣..♣...............
.. ♣..♣..#####..Th.#
#.♣♣[.♣♣.# #..Y.#
..♣≈.♣≈♣.## ##....#
P.♣~. ~♣..# #.....##
..♣~. F♣.####......#
..♣~. ~♣........†..#
.♣♣♣♣ ~♣♣....PP...P# .♣
♣##..†#....# .♣
##.##....### ### #♣
♣♣..##....#P#########.#


You could see Snorg (berserk, ally target) and a friendly hound (summoned).

Vanquished Creatures
  3 hydras
  A catoblepas (Lair:1)
  A two-headed ogre (D:10)
  Amaemon (D:9)
  5 cane toads
  A rime drake (Lair:1)
  An orange demon (D:9)
  8 komodo dragons
  A polar bear (Lair:2)
  Grinder (D:5)
  2 hornets
  2 blink frogs (Lair:3)
  Sigmund (D:2)
  A shadow (D:9)
  2 wyverns
  23 yaks
  A basilisk (Lair:1)
  Eustachio (D:6)
  2 nagas (Lair:2)
  A swamp worm (Lair:3)
  3 water moccasins (Lair:2)
  Duvessa (D:5)
  A black bear (D:8)
  2 orc warriors
  3 ice beasts
  2 sky beasts
  4 wolves (Lair:2)
  2 ogres
  3 centaurs
  A phantom (D:4)
  4 kobold brigands
  10 bullfrogs
  A gnoll sergeant (D:9)
  6 scorpions
  8 wights
  Dowan (D:5)
  14 killer bees
  6 howler monkeys (D:8)
  4 hounds
  5 jellies
  4 iguanas
  2 orc wizards
  Terence (D:2)
  8 gnolls
  11 adders
  2 white imps
  2 ufetubi
  4 worms
  A dart slug (D:2)
  13 orcs
  22 endoplasms
  4 giant cockroaches (D:1)
  5 goblins
  4 hobgoblins
  7 jackals
  5 quokkas
  8 ball pythons
  10 bats
  2 frilled lizards
  22 kobolds
  5 rats
282 creatures vanquished.

Vanquished Creatures (collateral kills)
  A hydra (Lair:2)
  An ugly thing (D:9)
  Joseph (Lair:1)
  A komodo dragon (Lair:2)
  A wight (D:9)
  A jelly (Lair:1)
  3 endoplasms (Lair:1)
9 creatures vanquished.

Vanquished Creatures (others)
  A butterfly (D:8)
  32 fungi
  32 plants
65 creatures vanquished.

Grand Total: 356 creatures vanquished

Notes
Turn   | Place    | Note
-------+----------+-------------------------------------------
     0 | D:1      | Mesmaeker13 the Octopode Transmuter began the quest for the
                  | Orb.
     0 | D:1      | Reached XP level 1. HP: 13/13 MP: 3/3
   537 | D:1      | Reached XP level 2. HP: 15/18 MP: 3/5
   846 | D:1      | Found Lochedik's General Store.
  1255 | D:1      | Reached XP level 3. HP: 23/23 MP: 4/6
  1820 | D:2      | Learned a level 2 spell: Wereblood
  1849 | D:2      | Noticed Sigmund
  2177 | D:2      | Noticed Terence
  2601 | D:3      | Reached XP level 4. HP: 28/28 MP: 6/8
  2936 | D:3      | Learned a level 3 spell: Spider Form
  3216 | D:3      | Found a sacrificial altar of Ru.
  3309 | D:4      | Found a stormy altar of Qazlal.
  3535 | D:4      | Noticed a scorpion
  3543 | D:4      | Killed a scorpion
  3544 | D:4      | Reached skill level 1 in Poison Magic
  3544 | D:4      | Reached XP level 5. HP: 27/33 MP: 7/9
  3549 | D:4      | Learned a level 4 spell: Ice Form
  3679 | D:4      | Noticed a phantom
  3693 | D:4      | Killed a phantom
  3694 | D:4      | Reached skill level 1 in Ice Magic
  3694 | D:4      | Reached XP level 6. HP: 29/38 MP: 2/10
  4193 | D:5      | Entered Level 5 of the Dungeon
  4308 | D:5      | Reached XP level 7. HP: 43/43 MP: 4/11
  4336 | D:5      | Noticed Grinder
  4338 | D:5      | Paralysed by Grinder for 2 turns
  4343 | D:5      | Killed Grinder
  4344 | D:5      | Reached skill level 5 in Unarmed Combat
  4533 | D:5      | Noticed Duvessa
  4563 | D:5      | Noticed Dowan
  4568 | D:5      | Killed Duvessa
  4569 | D:5      | Reached XP level 8. HP: 48/48 MP: 8/12
  4573 | D:5      | Killed Dowan
  4574 | D:5      | Reached skill level 5 in Transmutations
  4790 | D:5      | Identified the +7 dagger of Superiority {drain, rC+}
  5145 | D:6      | Reached skill level 5 in Poison Magic
  5231 | D:6      | Found an ancient bone altar of Kikubaaqudgha.
  5359 | D:6      | Found a broken altar of Ashenzari.
  5362 | D:6      | Found a sparkling altar of Nemelex Xobeh.
  5365 | D:6      | Became a worshipper of Ashenzari the Shackled
  5414 | D:6      | Noticed Eustachio
  5448 | D:6      | Killed Eustachio
  5610 | D:6      | Reached XP level 9. HP: 51/53 MP: 9/13
  5779 | D:6      | Found a hide-covered altar of Uskayaw.
  5833 | D:6      | Found Leskaf's Serpentskin Sales.
  6042 | D:6      | Found a snail-covered altar of Cheibriados.
  6213 | D:2      | Killed Sigmund
  6214 | D:2      | Reached skill level 5 in Ice Magic
  6500 | D:2      | Killed Terence
  6962 | D:6      | Learned a level 3 spell: Call Canine Familiar
  7200 | D:7      | Reached skill level 1 in Summonings
  7209 | D:7      | Found Hecy's Antique Weapon Shoppe.
  7349 | D:7      | Found a staircase to the Ecumenical Temple.
  7539 | D:7      | Noticed a hornet
  7548 | D:7      | Killed a hornet
  7884 | D:7      | Found a shimmering blue altar of Sif Muna.
  7891 | D:7      | Reached * piety under Ashenzari
  7896 | D:7      | Identified Sif Muna's Papyrus of Conflict and the Arsonist
  7896 | D:7      | Identified Sif Muna's Compilation of Execration
  7896 | D:7      | Identified Sif Muna's Vellum of Striking
  8016 | D:7      | Found a burning altar of Makhleb.
  8169 | D:8      | Reached XP level 10. HP: 63/63 MP: 8/14
  8180 | D:8      | Found a runed translucent door.
  8180 | D:8      | Found a shimmering altar of Xom.
  8180 | D:8      | Noticed a +1 long sword of chaos
  8180 | D:8      | Noticed lucasj's ghost (novice MiBe)
  8320 | D:8      | Found a white marble altar of Elyvilon.
  8791 | D:8      | Found a large runed translucent door.
  8791 | D:8      | Noticed a purple ugly thing
  8792 | D:8      | Found a large runed translucent door.
  8793 | D:8      | Found a corrupted altar of Lugonu.
  9065 | D:8      | Found a staircase to the Lair.
  9316 | D:8      | Found a one-way gate to the infinite horrors of the Abyss.
  9316 | D:8      | Identified the +11 dagger of Zeotubba {distort, Stlth+}
  9316 | D:8      | Noticed a kobold demonologist
  9318 | D:8      | Noticed a cyan ugly thing
  9524 | D:9      | Noticed a death knight
  9527 | D:9      | Noticed a six-headed hydra
  9527 | D:9      | Found the +7 Spriggan's Knife {stab, EV+4 Stlth+}
  9528 | D:9      | Found a transporter.
  9528 | D:9      | Found a transporter.
  9528 | D:9      | Identified the ring "Ylupn" {rN+ rCorr AC+4 Dex+2}
  9535 | D:9      | Noticed a wolf spider
  9536 | D:9      | Noticed a cane toad
  9899 | D:9      | Noticed a brown ugly thing
  9899 | D:9      | Noticed a brown ugly thing
  9925 | D:9      | Noticed Amaemon
  9925 | D:9      | Noticed an orange demon
  9949 | D:9      | Killed Amaemon
  9962 | D:9      | Killed an orange demon
 10329 | D:9      | Noticed an eye of devastation
 10356 | D:9      | Reached skill level 5 in Fighting
 10502 | D:9      | Reached XP level 11. HP: 71/71 MP: 15/15
 10541 | D:9      | Killed a brown ugly thing
 10542 | D:9      | Reached skill level 5 in Summonings
 10772 | D:9      | Noticed an ice dragon
 10799 | D:10     | Entered Level 10 of the Dungeon
 10882 | D:10     | Found a blossoming altar of Fedhas.
 11303 | D:10     | Noticed a two-headed ogre
 11321 | D:10     | Killed a two-headed ogre
 11605 | Lair:1   | Entered Level 1 of the Lair of Beasts
 11782 | Lair:1   | Noticed an oklob plant
 11908 | Lair:1   | Noticed a catoblepas
 11929 | Lair:1   | Killed a catoblepas
 12714 | Lair:1   | Noticed a four-headed hydra
 12731 | Lair:1   | Killed a four-headed hydra
 12889 | Lair:1   | Noticed Joseph
 12905 | Lair:1   | Killed Joseph
 12906 | Lair:1   | Reached XP level 12. HP: 31/80 MP: 7/16
 13599 | Lair:2   | Noticed a seven-headed hydra
 13606 | Lair:2   | Killed a seven-headed hydra
 13816 | Lair:2   | Found a staircase to the Snake Pit.
 13889 | Lair:2   | Noticed an eight-headed hydra
 14190 | Lair:2   | Reached skill level 10 in Unarmed Combat
 14223 | Lair:2   | Noticed a five-headed hydra
 14234 | Lair:2   | Killed a five-headed hydra
 14314 | Lair:2   | Killed an eight-headed hydra
 14836 | Lair:2   | Reached skill level 10 in Transmutations
 15786 | D:6      | Bought the Monograph on Filth for 630 gold pieces
 16120 | Lair:3   | Noticed Snorg
 16134 | Lair:3   | HP: 2/98 [Snorg (8)]
 16134 | Lair:3   | Mangled by Snorg

Illustrated notes

Levels and vault maps discovered:
D:1:      minmay_arrival_up_and_down, layout_basic, serial_shops, shop
D:2:      layout_basic, grunt_ministairs_3, uniq_sigmund, uniq_terence
D:3:      layout_loops_ring, mainiacjoe_overflow_surrounded_room, minivault_19,
          minmay_surrounded
D:4:      layout_rooms, nicolae_qazlal_eye_of_the_storm
D:5:      layout_gridville, serial_park_tiny_2, chequers_serial_rivers_micro_c,
          uniq_grinder, uniq_duvessa
D:6:      layout_cave_pools, mainiacjoe_overflow_tiny_flanked,
          lemuel_coloured_pillars_altar, slow_altar_2, nicolae_overflow_squiral,
          guppyfry_shop_venom, uniq_eustachio
D:7:      layout_loops_ring, nicolae_sif_muna_little_library,
          mainiacjoe_overflow_alcove_4, minmay_temple_entry_mist, serial_shops,
          shop_fountains, nicolae_fountain_basement
D:8:      due_chaos_kobolds, layout_basic, nicolae_elyvilon_peaceful_grove,
          worldfamousw_hep_ancestral_shrine, grunt_lair_entry_orc_guard_hut,
          ebering_ghost_xom, corexii_corridor_pit
D:9:      gammafunk_sealed_arena, layout_irregular_city, grunt_tough_drop,
          uniq_amaemon
D:10:     layout_roguey, mainiacjoe_overflow_alcove_2
Lair:1:   lemuel_slime, layout_cave_pods, uniq_joseph
Lair:2:   layout_roguey, guppyfry_snake_entry_garden, st_stairs_9,
          chequers_serial_rivers_micro_c, beast_lair_carwin_1
Lair:3:   layout_gridlike, nicolae_swamp_entry_splash_gauntlet,
          gammafunk_ghost_grave, uniq_snorg

Skill      XL: |  1  2  3  4  5  6  7  8  9 10 11 12 |
---------------+-------------------------------------+-----
Transmutations | 3 4 6 7 8 9 10 | 10.2
Unarmed Combat | 4 5 6 7 8 9 10 | 10.5
Spellcasting   | 3 |  3.2
Poison Magic   | 1 2 3 4 6 8 |  8.2
Ice Magic      | 1 2 3 4 6 7 8 |  8.8
Summonings     | 2 4 6 |  6.5
Fighting       | 3 5 6 8 |  8.0
Dodging        | |  2.0

Action                   |  1- 3 |  4- 6 |  7- 9 | 10-12 || total
-------------------------+-------+-------+-------+-------++-------
Melee: Unarmed           |    75 |    81 |   249 |   394 ||   799
       Constrict         |    28 |    13 |    10 |     3 ||    54
       Kick              |    24 |    16 |     5 |       ||    45
       Tentacles         |    13 |    11 |     6 |     1 ||    31
       Punch             |     1 |     1 |     3 |     1 ||     6
Throw: Dart              |       |    11 |       |       ||    11
 Cast: Beastly Appendage |    33 |    18 |     3 |       ||    54
       Ice Form          |       |     4 |    20 |    41 ||    65
       Spider Form       |       |     2 |     6 |     1 ||     9
       Wereblood         |       |     1 |     7 |    13 ||    21
       Call Canine Famil |       |       |       |    29 ||    29
Invok: Curse Item        |       |       |     2 |     1 ||     3
Evoke: Wand              |       |     2 |     6 |    17 ||    25
  Use: Scroll            |     1 |     2 |     8 |     4 ||    15
       Potion            |       |       |       |     2 ||     2
 Stab: Sleeping          |     7 |     1 |     4 |       ||    12
       Distracted        |       |       |       |     4 ||     4
Armor: Skin              |     9 |    21 |    99 |   159 ||   288
Dodge: Dodged            |    34 |    55 |   133 |   152 ||   374

Table legend: (Time is in decaauts)
 A = Elapsed time spent in this place.
 B = Non-inter-level travel time spent in this place.
 C = Inter-level travel time spent in this place.
 D = Time resting spent in this place.
 E = Time spent auto-exploring this place.
 F = Levels seen in this place.
 G = Mean time per level.
                   A        B        C        D        E       F      G
               +--------+--------+--------+--------+--------+-----+--------+
         Total |  16038 |  14835 |   1203 |    872 |  11536 |  13 | 1233.7 |
       Dungeon |  11936 |  11000 |    936 |    305 |   8776 |  10 | 1193.6 |
          Lair |   4102 |   3835 |    267 |    567 |   2760 |   3 | 1367.3 |
               +--------+--------+--------+--------+--------+-----+--------+

Top non-repeatable levels by time:
  Lair:1: 2133 daAuts
     D:1: 1990 daAuts
  Lair:2: 1544 daAuts
     D:8: 1415 daAuts
     D:9: 1389 daAuts
     D:7: 1366 daAuts
     D:3: 1225 daAuts
     D:6: 1083 daAuts
     D:5: 958 daAuts
     D:2: 895 daAuts
     D:4: 874 daAuts
    D:10: 737 daAuts
  Lair:3: 425 daAuts
